Map: Magannatha LE

Players

mares

  • Race: Protoss Protoss
  • Spawn Location: 11:00

A.I. 1 (Very Easy) - Winner!

  • Race: Terran Terran
  • Spawn Location: 5:00

VOD

Have the link to the VOD?

Description

Time

  • Played on: June 11, 2025, 10:28 a.m.
  • Length: 4:52
Show
View Real Time Build Order
Export as new Build Order

mares Protoss 

Build Orders: 1 Gate Expand, Dark Templar Rush 

Get SALT Encoding   

  6  0:00  Probe  
  13  0:12  Probe  
  14  0:17  Pylon  
  14  0:24  Probe  
  15  0:36  Gateway  
  15  0:38  Probe  
  16  0:43  Assimilator  
  16  0:47  Probe  
  16  0:55  Probe  
  18  1:05  Probe  
  19  1:17  Probe  
  20  1:24  Cybernetics Core  
  20  1:36  Nexus  
  20  1:43  Pylon  
  20  1:48  Stalker, Assimilator  
  20  1:51  Probe  
  23  2:03  Probe  
  23  2:06  Warp Gate  
  24  2:14  Shield Battery  
  24  2:16  Probe  
  24  2:20  Sentry  
  27  2:32  Probe  
  27  2:35  Twilight Council  
  28  2:42  Pylon  
  28  2:45  Probe  
  28  2:49  Probe  
  30  2:58  Probe  
  31  3:01  Robotics Facility  
  31  3:22  Dark Shrine  
  31  3:25  Probe x2  
  31  3:26  Stalker  
  33  3:32  Gateway  
  36  3:44  Gateway  
  36  3:47  Gateway  
  35  3:52  Probe x2  
  37  4:00  Warp Prism, Assimilator  
  37  4:02  Assimilator  
  37  4:15  Probe  
  37  4:16  Probe  
  41  4:27  Probe  
  41  4:28  Probe  
  43  4:35  Dark Templar x2  
  47  4:47  Dark Templar x2  
Show
View Real Time Build Order
Export as new Build Order

A.I. 1 (Very Easy) Terran - Winner!

Build Orders:  

Get SALT Encoding   

  6  0:00  SCV  
  13  0:13  SCV  
  14  0:18  Supply Depot  
  14  0:37  Refinery  
  14  0:42  Barracks  
  14  1:04  Supply Depot  
  14  1:11  Refinery  
  14  1:29  Orbital Command, Barracks Tech Lab  
  14  1:47  Marine  
  15  1:55  SCV  
  16  2:07  SCV  
  17  2:19  SCV  
  18  2:28  Marine  
  19  2:32  SCV  
  20  2:44  SCV  
  21  2:56  SCV  
  22  3:10  Marauder  
Tags
 
Add a new tag
Caveats
  • Supply blocks, unpowered buildings, or Contaminate may cause inaccurate times.
  • Supply counts are checked every 10 seconds.